 Dungeon Crawl Stone Soup version 0.25-a0-734-g73332ae (webtiles) character file.

Game seed: 6845910197397171568, levelgen mode: deterministic

17865 Faca the Fighter (level 12, -4/105 HPs)
             Began as a Formicid Fighter on Apr 9, 2020.
             Was a High Priest of Okawaru.
             Slain by a tyrant leech (11 damage)
             ... on level 2 of the Lair of Beasts on Apr 10, 2020.
             The game lasted 00:26:03 (14492 turns).

Faca the Fighter (Formicid Fighter)                Turns: 14492, Time: 00:26:03

Health: -4/105     AC: 17    Str: 27    XL:     12   Next: 88%
Magic:  11/12      EV: 13    Int:  7    God:    Okawaru [*****.]
Gold:   561        SH: 13    Dex: 10    Spells: 11/11 levels left

rFire    + . .     SeeInvis +   F - +0 trident (venom)
rCold    . . .     Gourm    .   c - +1 kite shield
rNeg     . . .     Faith    .   p - +2 chain mail {rF+}
rPois    .         Spirit   .   (helmet unavailable)
rElec    .         Reflect  .   t - +2 cloak
rCorr    .         Harm     .   (no gloves)
MR       ++...                  D - +0 pair of boots
Stlth    ..........             (no amulet)
HPRegen  0.27/turn              e - +5 ring of evasion
MPRegen  0.13/turn              H - ring of protection from magic

@: no status effects
A: permanent stasis, dig shafts and tunnels, four strong arms, antennae 3
a: Dig, Shaft Self, Heroism, Finesse, Renounce Religion


You were on level 2 of the Lair of Beasts.
You worshipped Okawaru.
Okawaru was extremely pleased with you.
You were hungry.

You visited 3 branches of the dungeon, and saw 14 of its levels.
You also visited: Sewer.

You collected 777 gold pieces.
You spent 216 gold pieces at shops.

Inventory:

Hand Weapons
 v - a +0 glaive
 F - a +0 trident of venom (weapon)
Missiles
 h - 20 boomerangs (quivered)
 s - 5 throwing nets
 B - 7 javelins
Armour
 c - a +1 kite shield (worn)
 p - a +2 chain mail of fire resistance (worn)
 t - a +2 cloak (worn)
 D - a +0 pair of boots (worn)
Jewellery
 e - a +5 ring of evasion (left hand)
 w - an uncursed ring of fire
 H - a ring of protection from magic (right hand)
Wands
 a - a wand of disintegration (14)
 i - a wand of digging (8)
 l - a wand of enslavement (22)
 x - a wand of flame (36)
 z - a wand of acid (4)
 C - a wand of clouds (6)
 G - a wand of paralysis (4)
Scrolls
 j - 3 scrolls of fear
 k - 5 scrolls of fog
 o - 6 scrolls of identify
 y - 3 scrolls of remove curse
Potions
 b - a potion of brilliance
 d - 2 potions of might
 g - 6 potions of curing
 m - a potion of invisibility
 n - 2 potions of cancellation
 q - a potion of flight
 r - a potion of mutation
 E - 3 potions of ambrosia
Comestibles
 f - 25 rations


   Skills:
 + Level 13.6 Fighting
 + Level 12.4 Polearms
 + Level 8.4 Armour
 + Level 9.2 Shields


You had 11 spell levels left.
You didn't know any spells.
Your spell library contained the following spells:

 Spells                   Type           Power        Failure   Level  Hunger
 Beastly Appendage        Tmut           #.....       92%         1    ##.....
 Freeze                   Ice            #...         92%         1    ##.....
 Shock                    Conj/Air       #...         92%         1    ##.....
 Sticks to Snakes         Tmut           #.......     98%         2    ###....
 Swiftness                Chrm/Air       #.......     98%         2    ###....
 Frozen Ramparts          Ice            #.....       100%        3    ####...
 Ozocubu's Armour         Chrm/Ice       #.......     100%        3    ####...
 Spider Form              Tmut/Pois      #.........   100%        3    ####...
 Static Discharge         Conj/Air       #.......     100%        3    ####...
 Airstrike                Air            #.........   100%        4    #####..
 Hailstorm                Conj/Ice       #.......     100%        4    #####..
 Ice Form                 Ice/Tmut       #.......     100%        4    #####..
 Summon Ice Beast         Ice/Summ       #.......     100%        4    #####..
 Blade Hands              Tmut           #.........   100%        5    ######.
 Lightning Bolt           Conj/Air       #.........   100%        5    ######.


Dungeon Overview and Level Annotations

Branches:
Dungeon (11/15)            Temple (1/1) D:4            Lair (2/6) D:10
    Orc (0/2) D:10          Sewer (visited)
  Swamp: Lair:2-4    Shoals: Lair:2-4     Snake: Lair:2-4    Spider: Lair:2-4

Altars:
Ashenzari
Dithmenos
Elyvilon
Fedhas
Gozag
Hepliaklqana
Kikubaaqudgha
Makhleb
Okawaru
Qazlal
Sif Muna
Uskayaw
Wu Jian
Xom
Yredelemnul
Zin
Beogh

Shops:
D:4 [   D:6 !

Annotations:
Lair:1 exclusion: 2 oklob plants


Innate Abilities, Weirdness & Mutations

You cannot be hasted, slowed, berserked, paralysed or teleported.
You can dig through walls and to a lower floor.
Your four strong arms can wield two-handed weapons with a shield.
You have a pair of large antennae on your head. (SInv)


Message History

You hit the tyrant leech.
The tyrant leech looks as sick as possible!
The tyrant leech is heavily wounded.
You block the tyrant leech's attack.
You miss the tyrant leech.
The tyrant leech is heavily wounded.
You barely miss the tyrant leech.
The tyrant leech is heavily wounded.
The tyrant leech bites you!!
* * * LOW HITPOINT WARNING * * *
The tyrant leech draws strength from your injuries!
You hit the tyrant leech.
The tyrant leech looks as sick as possible!
The tyrant leech is moderately wounded.
You impale the tyrant leech!!
The tyrant leech looks as sick as possible!
The tyrant leech is severely wounded.
You feel like a meek peon again. The tyrant leech bites you!
You die...

..........# #...............
..###.###.## #...............
..###..##..# ##.#..###.P.....
...##..##.## ###### ##......
..##..P##.###### ##.....
...............## #.....
............<...# #.....
......[.........##### #.....
..#....####.....@w..# ##.=..
P##.............♣♣..♣ ♣#.....
.##....#.......♣♣...≈≈≈≈≈≈♣.#....
................♣♣≈≈≈≈≈≈≈≈♣......
#.>.............#♣♣w≈≈≈≈≈≈♣♣.....
#...............♣ ..≈≈≈≈♣♣.....#
.##.............# ...♣♣♣♣♣#....P
..######.......♣♣ ♣..§ #....#
..## ♣♣♣§ ♣...##


You could see a tyrant leech.

Vanquished Creatures
  Gastronok (D:8)
  Harold (D:8)
  A hydra (Lair:2)
  An unseen horror (D:11)
  2 ugly things
  A manticore (D:11)
  A black mamba (shapeshifter) (D:11)
  6 spiny frogs
  3 trolls
  Prince Ribbit (D:8)
  Grinder (D:3)
  5 hippogriffs
  A shadow (D:11)
  A wraith (D:8)
  A wyvern (D:10)
  4 yaks (Lair:1)
  A spriggan (D:7)
  2 basilisks
  A hungry ghost (D:11)
  Menkaure (D:4)
  2 water moccasins
  8 porcupines
  7 orc warriors
  3 ice beasts
  4 phantoms
  6 sky beasts
  An eye of draining (D:9)
  5 ogres
  A necrophage (D:10)
  2 centaurs
  2 crocodiles
  A big kobold (D:11)
  A gnoll sergeant (D:7)
  17 bullfrogs
  A water moccasin skeleton (D:5)
  7 scorpions
  5 killer bees (D:10)
  2 electric eels (D:8)
  3 howler monkeys
  7 crimson imps
  A bullfrog zombie (D:9)
  3 hounds
  12 orc priests
  A centaur zombie (D:8)
  2 jellies
  6 orc wizards
  A bullfrog skeleton (D:4)
  A centaur skeleton (D:10)
  Jessica (D:5)
  Terence (D:2)
  Natasha (thrice) (D:3)
  4 iguanas
  6 worker ants
  A killer bee zombie (D:6)
  2 hound skeletons
  A worker ant zombie (D:8)
  8 gnolls
  14 adders
  An adder zombie (D:9)
  2 adder skeletons
  A worm (D:4)
  6 dart slugs
  6 leopard geckos
  36 orcs
  8 bats
  10 giant cockroaches
  7 goblins
  7 hobgoblins
  10 jackals
  7 kobolds
  5 quokkas
  3 ball pythons
  8 frilled lizards
  A quokka skeleton (D:7)
  6 rats
313 creatures vanquished.

Vanquished Creatures (others)
  An orc warrior (D:6)
  An orc priest (D:6)
  A worker ant (D:6)
  A shadow imp (D:8)
  2 fungi (D:10)
  2 plants (Lair:1)
8 creatures vanquished.

Grand Total: 321 creatures vanquished

Notes
Turn   | Place    | Note
-------+----------+-------------------------------------------
     0 | D:1      | Faca the Formicid Fighter began the quest for the Orb.
     0 | D:1      | Reached XP level 1. HP: 18/18 MP: 1/1
    78 | D:1      | Reached XP level 2. HP: 23/24 MP: 2/2
   362 | D:1      | Reached XP level 3. HP: 30/30 MP: 3/3
   507 | D:1      | Reached skill level 4 in Fighting
   964 | D:2      | Reached XP level 4. HP: 37/37 MP: 4/4
  1319 | D:2      | Reached XP level 5. HP: 43/43 MP: 5/5
  1713 | D:3      | Reached skill level 5 in Fighting
  1715 | D:3      | Noticed Terence
  1903 | D:2      | Killed Terence
  2108 | D:3      | Found a stormy altar of Qazlal.
  2131 | D:3      | Reached XP level 6. HP: 51/51 MP: 6/6
  2159 | D:3      | Noticed Natasha
  2168 | D:3      | Killed Natasha
  2176 | D:3      | Noticed Natasha
  2197 | D:3      | Killed Natasha
  2567 | D:3      | Noticed Grinder
  2594 | D:3      | Killed Grinder
  2594 | D:3      | Reached skill level 6 in Fighting
  2594 | D:3      | Reached skill level 5 in Polearms
  2594 | D:3      | Reached XP level 7. HP: 29/59 MP: 7/7
  2868 | D:3      | Noticed Natasha
  2879 | D:3      | Killed Natasha
  3120 | D:4      | Found a shadowy altar of Dithmenos.
  3249 | D:4      | Noticed Menkaure
  3536 | D:4      | Killed Menkaure
  3536 | D:4      | Reached skill level 7 in Fighting
  3536 | D:4      | Reached XP level 8. HP: 59/67 MP: 8/8
  3593 | D:4      | Found a staircase to the Ecumenical Temple.
  3595 | D:4      | Found a faded altar of an unknown god.
  3606 | Temple   | Entered the Ecumenical Temple
  3650 | Temple   | Became a worshipper of Warmaster Okawaru
  3787 | D:4      | Found Jyn Rock's Armour Emporium.
  3928 | D:5      | Entered Level 5 of the Dungeon
  4100 | D:5      | Found a glowing drain.
  4125 | Sewer    | Entered a sewer
  4354 | Sewer    | Reached skill level 8 in Fighting
  4699 | D:5      | Noticed Jessica
  4711 | D:5      | Killed Jessica
  4806 | D:5      | Found a shimmering blue altar of Sif Muna.
  4978 | D:5      | Reached * piety under Okawaru
  4978 | D:5      | Reached XP level 9. HP: 75/75 MP: 9/9
  5234 | D:6      | Found a shimmering altar of Xom.
  5241 | D:6      | Reached skill level 9 in Fighting
  5783 | D:6      | Found an opulent altar of Gozag.
  5874 | D:6      | Found Qaunur's Distillery.
  5882 | D:6      | Bought a potion of mutation for 96 gold pieces
  5882 | D:6      | Bought 2 potions of heal wounds for 120 gold pieces
  6127 | D:6      | Found a shattered altar of Ashenzari.
  6507 | D:7      | Found a hide-covered altar of Uskayaw.
  6507 | D:7      | Found a blossoming altar of Fedhas.
  6555 | D:7      | Reached ** piety under Okawaru
  6610 | D:7      | Reached skill level 10 in Fighting
  6898 | D:7      | Found a basalt altar of Yredelemnul.
  7255 | D:7      | Found a white marble altar of Elyvilon.
  7478 | D:7      | Found an ornate altar of the Wu Jian Council.
  7516 | D:8      | Noticed Gastronok
  7537 | D:8      | Killed Gastronok
  7537 | D:8      | Reached *** piety under Okawaru
  7537 | D:8      | Reached skill level 11 in Fighting
  7537 | D:8      | Reached skill level 10 in Polearms
  7537 | D:8      | Reached XP level 10. HP: 22/89 MP: 10/10
  7998 | D:8      | Noticed Harold
  8017 | D:8      | Killed Harold
  8019 | D:8      | Noticed Prince Ribbit
  8047 | D:8      | Killed Prince Ribbit
  8047 | D:8      | Reached **** piety under Okawaru
  8047 | D:8      | Reached skill level 12 in Fighting
  8047 | D:8      | Reached XP level 11. HP: 60/95 MP: 9/11
  8270 | D:8      | Received a gift from Okawaru
  8388 | D:8      | Reached skill level 5 in Shields
  8958 | D:9      | Reached skill level 5 in Armour
  8990 | D:9      | Noticed a red ugly thing
  9005 | D:9      | Killed a red ugly thing
  9542 | D:10     | Entered Level 10 of the Dungeon
  9552 | D:10     | Received a gift from Okawaru
  9762 | D:10     | Noticed a cyan ugly thing
  9775 | D:10     | Killed a cyan ugly thing
 10282 | D:10     | Found a staircase to the Orcish Mines.
 10578 | D:10     | Found a roughly hewn altar of Beogh.
 10685 | D:10     | Found a staircase to the Lair.
 11181 | D:11     | Noticed an unseen horror
 11191 | D:11     | Killed an unseen horror
 11191 | D:11     | Reached ***** piety under Okawaru
 11191 | D:11     | Reached XP level 12. HP: 96/103 MP: 12/12
 11331 | D:11     | Reached skill level 13 in Fighting
 12158 | Lair:1   | Entered Level 1 of the Lair of Beasts
 12932 | Lair:1   | Received a gift from Okawaru
 14467 | Lair:2   | Noticed an eight-headed hydra
 14482 | Lair:2   | Killed an eight-headed hydra
 14492 | Lair:2   | Slain by a tyrant leech

Levels and vault maps discovered:
D:1:      lemuel_arrival_funnel, layout_basic,
          wander_ebering_terrifying_dragon_lair
D:2:      layout_basic
D:3:      layout_loops_ring, grunt_qazlal_sundering, first_ration, uniq_grinder,
          uniq_terence, uniq_natasha
D:4:      layout_rooms, overflow_temple_1_default,
          nicolae_temple_entry_ecumenical, serial_shops, shop, uniq_menkaure
D:5:      layout_loops_ring, tgw_sif, portal_sewer_entry_d,
          kennysheep_generic_room_5
D:6:      layout_basic, evilmike_ruin_ashenzari, grunt_gozag_breadcrumbs,
          xom_confusion_cloud, serial_shops, shop
D:7:      layout_loops_corners, nicolae_overflow_hidden_temple,
          elyvilon_altar_1, nicolae_overflow_crystal_walls,
          gammafunk_temple_overflow_pools, the_bakery
D:8:      minmay_curly_fans, layout_cave_pools, kennysheep_minor_cross,
          uniq_prince_ribbit1, uniq_harold, uniq_gastronok
D:9:      layout_roguey
D:10:     layout_loops_ring, grunt_lair_entry_orc_guard_hut,
          minmay_orc_entry_temple_small
D:11:     layout_grid_maze
Temple:   jpeg_temple_clearing
Lair:1:   layout_gridlike, infiniplex_staircase_pool, minmay_lair_oklob_chamber
Lair:2:   layout_gridlike, palyth_hydra_swamp_entry, st_stairs_3,
          grunt_megastairs_2

Skill      XL: |  1  2  3  4  5  6  7  8  9 10 11 12 |
---------------+-------------------------------------+-----
Fighting       | 4 5 6 7 8 11 12 13 | 13.6
Polearms       | 3 4 5 6 7 10 11 12 | 12.4
Armour         | 4 6 8 |  8.4
Shields        | 4 7 9 |  9.2

Action                   |  1- 3 |  4- 6 |  7- 9 | 10-12 || total
-------------------------+-------+-------+-------+-------++-------
Melee: Trident           |    93 |   200 |   507 |   788 ||  1588
Throw: Boomerang         |       |     3 |       |       ||     3
Invok: Heroism           |       |       |       |     3 ||     3
 Abil: Dig               |       |       |     1 |       ||     1
  Use: Scroll            |       |     8 |     9 |     6 ||    23
       Potion            |       |     1 |     1 |     3 ||     5
 Stab: Distracted        |     1 |       |       |       ||     1
  Eat: Chunk             |       |     5 |    13 |    21 ||    39
       Ration            |       |       |     1 |     1 ||     2
Armor: Scale mail        |    29 |    17 |       |       ||    46
       Chain mail        |       |    24 |   138 |   149 ||   311
Dodge: Dodged            |    22 |    69 |   144 |   202 ||   437
Block: Kite shield       |    31 |    92 |   176 |   278 ||   577

Table legend:
 A = Non-vault XP
 B = Vault XP
 C = Vault XP percentage of total XP
 D = Non-vault monster count
 E = Vault monster count
 F = Vault count percentage of total count
                 A         B        C        D         E       F
            +---------+---------+-------+---------+---------+-------
      Total |   16823 |    8699 |  34.1 |     256 |      57 |  18.2
            +---------+---------+-------+---------+---------+-------
        D:1 |      43 |       3 |   6.5 |      22 |       1 |   4.3
        D:2 |     137 |      36 |  20.8 |      35 |       1 |   2.8
        D:3 |     223 |     289 |  56.4 |      18 |       2 |  10.0
        D:4 |     237 |     175 |  42.5 |      10 |       1 |   9.1
        D:5 |     886 |      50 |   5.3 |      23 |       2 |   8.0
        D:6 |     231 |     111 |  32.5 |       6 |       5 |  45.5
        D:7 |    1025 |     201 |  16.4 |      20 |       1 |   4.8
        D:8 |    1080 |    4080 |  79.1 |      22 |       6 |  21.4
        D:9 |    2156 |       0 |   0.0 |      23 |       0 |   0.0
       D:10 |    2926 |    1034 |  26.1 |      33 |      15 |  31.2
       D:11 |    3283 |       0 |   0.0 |      18 |       0 |   0.0
     Lair:1 |    3357 |    1068 |  24.1 |      16 |       4 |  20.0
     Lair:2 |    1239 |    1526 |  55.2 |      10 |       3 |  23.1
      Sewer |       0 |     126 | 100.0 |       0 |      16 | 100.0
            +---------+---------+-------+---------+---------+-------
